 Dungeon Crawl Stone Soup version 0.29-a0-885-gb26ba3297d (webtiles) character file.

Game seed: 6741361603573898187

68783 reriks the Unseen (level 14, 0/77 HPs)
             Began as a Spriggan Hunter on July 20, 2022.
             Was the Champion of Okawaru.
             Killed from afar by an eleionoma (37 damage)
             ... with a spray of wooden splinters
             ... on level 1 of the Swamp.
             The game lasted 01:08:39 (31831 turns).

reriks the Unseen (Spriggan Hunter)                Turns: 31831, Time: 01:08:40

Health: 0/77       AC:  4    Str:  3    XL:     14   Next: 87%
Magic:  22/22      EV: 35    Int: 18    God:    Okawaru [******]
Gold:   1537       SH:  5    Dex: 26    Spells: 13/13 levels left

rFire   + . .      SeeInvis +   U - +7 shortbow (freeze)
rCold   + + .      Faith    .   (shield currently unavailable)
rNeg    . . .      Spirit   .   Y - +0 robe of the Eternal Void {rPois rF+ Slay+5}
rPois   +          Reflect  +   Z - +2 hat
rElec   .          Harm     .   (no cloak)
rCorr   .          Rampage  .   (gloves unavailable)
Will    +++..                   (boots unavailable)
Stlth   +++++++...              R - amulet "Selled" {Reflect Will+ Str-4 SH+5 SInv}
HPRegen 0.22/turn               o - ring of flight
MPRegen 0.18/turn               Q - ring "Zuiluit" {rC++ Int+6 Dex+4}

@: flying, very quick
A: very small, no large weapons, unfitting armour, see invisible, speed 3
a: Renounce Religion, Heroism, Finesse, Duel


You were on level 1 of the Swamp.
You worshipped Okawaru.
Okawaru was exalted by your worship.
You visited 4 branches of the dungeon, and saw 21 of its levels.
You also visited: Gauntlet.

You collected 1921 gold pieces.
You spent 384 gold pieces at shops.

Inventory:

Hand Weapons
 i - the +9 quarterstaff of Quick Death {speed, *Noise rPois rC+++ Str+3}
   (Okawaru gifted it to you on level 4 of the Lair of Beasts)

   Attacks with this weapon are significantly faster.
   Str:       It affects your strength (+3).
   rC:        It renders you almost immune to cold.
   rPois:     It protects you from poison.
   *Noise:    It may make noises in combat.
 t - a +1 spear of venom
 C - a +4 arbalest
 K - a +0 shortbow of flaming
 U - a +7 shortbow of freezing (weapon)
Missiles
 x - a throwing net
Armour
 I - the +4 robe of Hedonism {Str-4 Int+5 Dex+4}
   (Okawaru gifted it to you on level 1 of the Orcish Mines)

   Str:       It affects your strength (-4).
   Int:       It affects your intelligence (+5).
   Dex:       It affects your dexterity (+4).
 X - a +3 troll leather armour {Snorg}
 Y - the +0 robe of the Eternal Void (worn) {rPois rF+ Slay+5}
   (Okawaru gifted it to you on level 1 of the Swamp)

   Slay:      It affects your accuracy & damage with ranged weapons and melee
   (+5).
   rF:        It protects you from fire.
   rPois:     It protects you from poison.
 Z - a +2 hat (worn)
Jewellery
 a - a ring of willpower
 o - a ring of flight (left hand)
 r - a ring of magical power
 A - a +6 ring of dexterity
 B - a +4 ring of evasion
 F - a +4 ring of evasion
 H - a ring of fire
 N - a +4 ring of evasion
 Q - the ring "Zuiluit" (right hand) {rC++ Int+6 Dex+4}
   (You found it in a Gauntlet)

   [ring of intelligence]

   Int:       It affects your intelligence (+6).
   Dex:       It affects your dexterity (+4).
   rC:        It greatly protects you from cold.
 R - the amulet "Selled" (around neck) {Reflect Will+ Str-4 SH+5 SInv}
   (You found it in a Gauntlet)

   [amulet of reflection]

   It reflects blocked missile attacks.
   Str:       It affects your strength (-4).
   SInv:      It lets you see invisible.
   SH:        It affects your SH (+5).
   Will:      It increases your willpower.
 T - a ring of fire
 V - a +6 ring of strength
Wands
 c - a wand of polymorph (5)
 m - a wand of digging (15)
 D - a wand of paralysis (23)
 G - a wand of mindburst (31)
 S - a wand of roots (7)
Scrolls
 b - a scroll of immolation
 d - 2 scrolls of enchant armour
 e - 5 scrolls of poison
 k - 2 scrolls of summoning
 n - 7 scrolls of teleportation
 p - 9 scrolls of identify
 q - 5 scrolls of fog
 v - 3 scrolls of amnesia
 y - 2 scrolls of blinking
 P - 4 scrolls of magic mapping
 W - a scroll of fear
Potions
 f - 5 potions of lignification
 g - 2 potions of ambrosia
 h - 5 potions of haste
 j - 3 potions of curing
 l - 2 potions of might
 s - a potion of resistance
 u - 3 potions of mutation
 w - 5 potions of attraction
 z - a potion of flight {unknown}
 E - 3 potions of heal wounds {unknown}
 J - a potion of berserk rage {unknown}
 L - 2 potions of magic {unknown}
 M - 2 potions of degeneration {unknown}
 O - 3 potions of brilliance {unknown}


   Skills:
 + Level 10.1 Fighting
 * Level 15.6 Ranged Weapons
 + Level 15.2 Dodging
 + Level 17.6 Stealth
 + Level 9.7 Invocations


You had 13 spell levels left.
You didn't know any spells.
Your spell library contained the following spells:

 Spells                   Type           Power      Damage    Failure   Level
 Ozocubu's Armour         Ice            0%         N/A       54%         3
 Portal Projectile        Hex/Tloc       0%         N/A       54%         3
 Corpse Rot               Necr/Pois/Air  0%         N/A       91%         4
 Dispel Undead            Necr           0%         3d6       91%         4
 Hailstorm                Conj/Ice       0%         3d3       91%         4
 Ice Form                 Ice/Tmut       0%         N/A       91%         4
 Leda's Liquefaction      Hex/Erth       0%         N/A       91%         4
 Orb of Destruction       Conj           0%         9d5       100%        7
 Ozocubu's Refrigeration  Ice            0%         4d5       100%        7
 Call Canine Familiar     Summ           Unusable   N/A       N/A         3
 Summon Guardian Golem    Hex/Summ       Unusable   N/A       N/A         3
 Death Channel            Necr           Unusable   N/A       N/A         6
 Simulacrum               Ice/Necr       Unusable   N/A       N/A         6
 Spellforged Servitor     Conj/Summ      Unusable   N/A       N/A         7

Dungeon Overview and Level Annotations

Branches:
Dungeon (13/15)            Temple (0/1) D:4            Lair (5/5) D:9
  Swamp (1/4) Lair:2       Spider (0/4) Lair:2        Slime (0/5) Lair:4
    Orc (2/2) D:11        Gauntlet (visited)
    Elf: Orc:2       Vaults: D:13-14

Altars:
Ashenzari
Cheibriados
Dithmenos
Elyvilon
Gozag
Hepliaklqana
Makhleb
Okawaru
Qazlal
Ru
Sif Muna
Trog
Uskayaw
Vehumet
Xom
Zin
The Shining One

Shops:
D:1 (   D:6 [:?(   D:8 ?

Annotations:
D:4 3 runed translucent doors, capslocke's ghost, novice DjFE
D:11 3 runed translucent doors, IndoAryan's ghost, journeyman MiFi
D:13 Frances
Lair:4 1 runed translucent door
Orc:1 Josephine


Innate Abilities, Weirdness & Mutations

You are very small and have problems with some larger weapons.
You are too small for most types of armour.
You have supernaturally acute eyesight. (SInv)
You cover ground extremely quickly. (Speed+++)


Message History

The eleionoma is moderately wounded.
The eleionoma completely misses you.
You shoot an arrow. The arrow hits the eleionoma!
The arrow freezes the eleionoma.
The eleionoma is moderately wounded.
The eleionoma splashes around in the water.
You shoot an arrow. The arrow hits the eleionoma!
The arrow freezes the eleionoma.
The eleionoma is heavily wounded.
You shoot an arrow. The arrow hits the eleionoma!
The arrow freezes the eleionoma.
The eleionoma is severely wounded.
The eleionoma hurls a spray of splinters at you.
The spray of wooden splinters misses you.
You shoot an arrow. The arrow hits the eleionoma!
The arrow freezes the eleionoma.
The eleionoma is severely wounded.
A swamp drake comes into view.
The eleionoma hurls a spray of splinters at you.
The spray of wooden splinters misses you.
You shoot an arrow. The swamp drake roars!
The arrow hits the eleionoma!
The arrow freezes the eleionoma.
The eleionoma is almost dead.
The eleionoma touches a tree and draws upon its vitality.
The eleionoma is healed.
You shoot an arrow. The arrow closely misses the eleionoma.
You shoot an arrow.
The arrow completely misses the eleionoma.
The eleionoma splashes around in the water.
You shoot an arrow. The arrow hits the eleionoma!!
The arrow freezes the eleionoma!
The eleionoma is heavily wounded.
The eleionoma hurls a spray of splinters at you.
The spray of wooden splinters hits you!!
You are too injured to fight recklessly!
You are too injured to fight recklessly!
The eleionoma hurls a spray of splinters at you.
The spray of wooden splinters hits you!!!
You die...

♣♣°.≈♣♣♣
♣♣♣.w.♣♣♣♣♣.♣§≈≈.≈
♣.○.≈...♣♣ ♣.♣♣♣
♣§†.♣.≈≈≈
.....≈≈≈.≈≈♣ ♣♣≈♣
♣≈≈....≈≈
♣≈≈.≈≈...≈≈≈≈. ♣..♣
♣♣...≈..≈
..≈≈≈.≈≈≈....≈.♣♣.♣♣
♣♣...≈.≈.
≈≈≈♣§§≈≈≈.♣♣..^.♣)♣
♣≈≈.♣≈...
≈....≈...>♣ ♣♣....♣
♣♣....≈..
§.≈≈≈≈≈.≈.♣ ♣≈§..♣
♣♣.†)..≈. ♣♣.@♣♣♣
♣.....†≈. ♣♣≈..♣
♣♣.......
♣≈R).♣♣♣♣♣♣♣♣♣♣♣♣≈.
♣..♣...k...........
♣≈.♣..♣.≈♣.≈♣.≈♣..≈
♣†♣♣..♣..♣..♣..♣..≈
♣≈[ ♣..♣..♣..♣..♣.≈.
♣.. ♣..♣..♣..♣..♣..≈
♣$♣ ♣..♣♣.♣♣.♣♣.♣..≈


You could see an eleionoma.

Vanquished Creatures
  Gastronok (Lair:2)
  An orc warlord (D:11)
  A quicksilver ooze (Gauntlet)
  A bunyip (Swamp:1)
  A minotaur (Gauntlet)
  Snorg (D:10)
  A fire dragon (Lair:5)
  A great orb of eyes (D:13)
  4 boulder beetles
  2 hydras
  2 ogre magi (D:13)
  A catoblepas (Lair:5)
  2 two-headed ogres
  2 centaur warriors (D:13)
  An alligator (Swamp:1)
  5 death yaks (Lair:4)
  Sonja (Lair:5)
  Lodul (D:10)
  3 bog bodies (Swamp:1)
  A wizard (D:13)
  A spriggan druid (Swamp:1)
  3 swamp dragons
  A lindwurm (Lair:3)
  A deep elf pyromancer (D:13)
  4 orc sorcerers
  A manticore (D:7)
  5 cyclopes
  11 elephants
  Joseph (D:10)
  7 black mambas
  A torpor snail (Lair:3)
  10 cane toads
  A gargoyle (D:11)
  2 unseen horrors
  An efreet (D:13)
  2 rime drakes
  4 komodo dragons
  A kobold demonologist (D:13)
  6 polar bears
  8 hornets
  5 trolls
  4 tyrant leeches (Swamp:1)
  5 dream sheep (Lair:5)
  11 blink frogs
  6 spriggans (Swamp:1)
  4 culicivoras (Lair:2)
  5 wyverns
  43 yaks
  4 wraiths
  2 vampires
  Eustachio (D:5)
  4 basilisks
  4 steam dragons
  9 vampire mosquitoes
  A warg (D:11)
  6 water moccasins
  A floating eye (D:13)
  An acid dragon (Lair:5)
  2 swamp drakes (Lair:5)
  16 orc warriors
  2 black bears
  2 ice beasts
  15 ogres
  14 centaurs
  21 wolves
  A phantom (D:5)
  4 kobold brigands
  7 bullfrogs
  A scorpion (D:5)
  4 wights
  17 killer bees
  5 howler monkeys
  5 jellies
  2 hounds
  11 orc priests
  9 iguanas
  2 gnoll boudas
  19 orc wizards
  A boggart zombie (Gauntlet)
  13 gnolls
  8 adders
  2 shadow imps (D:5)
  3 white imps
  An ufetubus (D:4)
  3 worms
  3 dart slugs
  79 orcs
  3 bats
  3 endoplasms
  5 giant cockroaches
  8 goblins
  5 hobgoblins
  20 kobolds
  A quokka (D:1)
  3 ball pythons
  2 frilled lizards
  6 rats
548 creatures vanquished.

Vanquished Creatures (others)
  51 fungi
  63 plants
114 creatures vanquished.

Grand Total: 662 creatures vanquished

Notes
Turn   | Place    | Note
-------+----------+-------------------------------------------
     0 | D:1      | reriks the Spriggan Hunter began the quest for the Orb.
     0 | D:1      | Reached XP level 1. HP: 10/10 MP: 2/2
   418 | D:1      | Reached skill level 2 in Stealth
   433 | D:1      | Reached XP level 2. HP: 15/15 MP: 3/3
   475 | D:1      | Found a faded altar of an unknown god.
   976 | D:1      | Found Ecreycub's Weapon Shoppe.
  1178 | D:2      | Reached XP level 3. HP: 18/18 MP: 4/4
  1437 | D:2      | You fall into a shaft and drop 1 floor!
  1437 | D:3      | Found a hazy altar of Hepliaklqana.
  1447 | D:3      | Reached skill level 3 in Stealth
  1455 | D:3      | Found an iron altar of Okawaru.
  1469 | D:3      | Became a worshipper of Warmaster Okawaru
  1571 | D:3      | Reached XP level 4. HP: 23/23 MP: 5/5
  2107 | D:3      | Noticed a scorpion
  2794 | D:4      | Found a runed translucent gate.
  2795 | D:4      | Found a runed translucent gate.
  2795 | D:4      | Noticed capslocke's ghost (novice DjFE)
  2796 | D:4      | Found a runed translucent gate.
  2797 | D:4      | Noticed a kobold brigand
  2824 | D:4      | Reached skill level 4 in Stealth
  2824 | D:4      | Reached XP level 5. HP: 27/27 MP: 6/6
  2988 | D:4      | Found a sacrificial altar of Ru.
  3204 | D:4      | Found a staircase to the Ecumenical Temple.
  3793 | D:5      | Entered Level 5 of the Dungeon
  3950 | D:5      | Reached skill level 5 in Ranged Weapons
  3994 | D:4      | Reached XP level 6. HP: 26/32 MP: 7/7
  4124 | D:4      | Reached * piety under Okawaru
  4125 | D:4      | Reached skill level 5 in Dodging
  4125 | D:4      | Reached skill level 5 in Stealth
  4674 | D:5      | Found a shimmering altar of Xom.
  4696 | D:5      | Found a bloodstained altar of Trog.
  4805 | D:5      | Reached XP level 7. HP: 31/36 MP: 8/8
  5053 | D:5      | Found a burning altar of Makhleb.
  5212 | D:5      | Reached skill level 6 in Stealth
  5404 | D:5      | Reached ** piety under Okawaru
  6271 | D:5      | Found a white marble altar of Elyvilon.
  6271 | D:5      | Found a glowing golden altar of the Shining One.
  6271 | D:5      | Found a glowing silver altar of Zin.
  6394 | D:5      | Found a shadowy altar of Dithmenos.
  6499 | D:6      | Noticed Eustachio
  6553 | D:6      | Found a radiant altar of Vehumet.
  6727 | D:5      | Reached skill level 7 in Stealth
  6779 | D:6      | Noticed a steam dragon
  6859 | D:5      | Killed Eustachio
  6860 | D:5      | Reached XP level 8. HP: 42/42 MP: 9/9
  7282 | D:6      | Found Luq Peud's Book Emporium.
  7289 | D:6      | Reached skill level 8 in Stealth
  7406 | D:5      | Reached *** piety under Okawaru
  7465 | D:6      | Found Jariol's Armour Shop.
  7472 | D:6      | Bought a +0 troll leather armour for 180 gold pieces
  7496 | D:6      | Found Ranorer's Magic Scroll Emporium.
  7504 | D:6      | Bought a scroll of identify for 22 gold pieces
  7504 | D:6      | Bought a scroll of identify for 22 gold pieces
  7504 | D:6      | Bought a scroll of identify for 22 gold pieces
  8354 | D:6      | Reached skill level 9 in Stealth
  8373 | D:6      | Reached skill level 5 in Fighting
  8466 | D:6      | Found Ocedo's Weapon Boutique.
  8918 | D:7      | Reached XP level 9. HP: 44/47 MP: 10/10
  8945 | D:7      | Found a broken altar of Ashenzari.
  9129 | D:7      | Found a shimmering blue altar of Sif Muna.
  9212 | D:7      | Reached **** piety under Okawaru
  9437 | D:7      | Noticed a manticore
  9589 | D:7      | Killed a manticore
  9590 | D:7      | Reached skill level 10 in Stealth
  9924 | D:8      | Found Tuqam's Magic Scroll Shop.
  9929 | D:8      | Bought a scroll of identify for 24 gold pieces
  9929 | D:8      | Bought a scroll of enchant weapon for 90 gold pieces
  9929 | D:8      | Bought a scroll of identify for 24 gold pieces
 10030 | D:8      | Reached skill level 1 in Invocations
 10080 | D:7      | Reached ***** piety under Okawaru
 10590 | D:9      | Noticed a two-headed ogre
 10846 | D:9      | Found a staircase to the Lair.
 10863 | D:9      | Noticed an unseen horror
 10873 | D:9      | Killed an unseen horror
 10874 | D:9      | Reached XP level 10. HP: 53/53 MP: 9/12
 11171 | D:9      | Reached skill level 11 in Stealth
 11173 | D:9      | Received a gift from Okawaru
 11262 | D:9      | Killed a two-headed ogre
 11490 | D:9      | Reached skill level 10 in Dodging
 11572 | D:9      | Found a snail-covered altar of Cheibriados.
 11837 | D:10     | Entered Level 10 of the Dungeon
 11974 | D:10     | Noticed Lodul
 12215 | D:10     | Found an opulent altar of Gozag.
 12605 | D:10     | Reached skill level 10 in Ranged Weapons
 12608 | D:10     | Reached skill level 12 in Stealth
 12702 | D:10     | Noticed Snorg
 13041 | D:10     | Killed Lodul
 13070 | D:10     | Reached XP level 11. HP: 58/58 MP: 15/15
 13236 | D:10     | Noticed Joseph
 13349 | Lair:1   | Entered Level 1 of the Lair of Beasts
 13760 | Lair:1   | Reached ****** piety under Okawaru
 13806 | Lair:1   | Received a gift from Okawaru
 14197 | Lair:1   | Reached skill level 5 in Invocations
 14296 | Lair:1   | Reached skill level 13 in Stealth
 14995 | Lair:2   | Found a gate leading to a gauntlet.
 14996 | Lair:2   | Noticed an eight-headed hydra
 15025 | Lair:2   | Noticed a boulder beetle
 15029 | Lair:2   | Noticed Gastronok
 15032 | Gauntlet | Entered a Gauntlet
 15032 | Gauntlet | Found a transporter.
 15038 | Gauntlet | Noticed a death yak
 15039 | Gauntlet | Noticed a necromancer
 15040 | Gauntlet | Noticed a death yak
 15041 | Gauntlet | Found a transporter.
 15041 | Gauntlet | Noticed a death yak
 15042 | Gauntlet | Found a transporter.
 15043 | Gauntlet | Noticed a death yak
 15043 | Gauntlet | Found a transporter.
 15046 | Gauntlet | Found a transporter.
 15047 | Gauntlet | Found a transporter.
 15048 | Gauntlet | Found a large runed translucent door.
 15049 | Gauntlet | Found a large runed translucent door.
 15050 | Gauntlet | Found a large runed translucent door.
 15050 | Gauntlet | Found a large runed translucent door.
 15050 | Gauntlet | Found a runed translucent door.
 15051 | Gauntlet | Found a large runed translucent door.
 15052 | Gauntlet | Found a large runed translucent door.
 15053 | Gauntlet | Found a large runed translucent door.
 15053 | Gauntlet | Found a large runed translucent door.
 15053 | Gauntlet | Noticed a reaper
 15054 | Gauntlet | Found a runed translucent door.
 15054 | Gauntlet | Found a runed translucent gate.
 15054 | Gauntlet | Found a runed translucent gate.
 15054 | Gauntlet | Found a runed translucent gate.
 15055 | Gauntlet | Noticed a quicksilver ooze
 15056 | Gauntlet | Found a transporter.
 15056 | Gauntlet | Found a transporter.
 15076 | Gauntlet | Found a transporter.
 15076 | Gauntlet | Noticed a death drake
 15084 | Gauntlet | Found a transporter.
 15084 | Gauntlet | Found a transporter.
 15088 | Gauntlet | Found a runed translucent door.
 15090 | Gauntlet | Found a runed translucent door.
 15090 | Gauntlet | Noticed a quicksilver ooze
 15092 | Gauntlet | Found a transporter.
 15161 | Gauntlet | Found a large runed translucent door.
 15162 | Gauntlet | Found a large runed translucent door.
 15169 | Gauntlet | Found a large runed translucent door.
 15170 | Gauntlet | Found a large runed translucent door.
 15171 | Gauntlet | Found a large runed translucent door.
 15171 | Gauntlet | Found a large runed translucent door.
 15172 | Gauntlet | Found a large runed translucent door.
 15173 | Gauntlet | Found a large runed translucent door.
 15352 | Gauntlet | Identified the ring "Zuiluit" {rC++ Int+6 Dex+4}
 15375 | Gauntlet | Killed a quicksilver ooze
 15404 | Gauntlet | Identified the amulet "Selled" {Reflect Will+ Str-4 SH+5
                  | SInv}
 15433 | Gauntlet | Noticed a minotaur
 15484 | Gauntlet | Killed a minotaur
 15522 | Lair:2   | Found a staircase to the Swamp.
 15881 | D:9      | Reached XP level 12. HP: 63/63 MP: 17/17
 16055 | D:10     | Received a gift from Okawaru
 16173 | D:10     | Found a stormy altar of Qazlal.
 16257 | D:10     | Killed Joseph
 16544 | D:10     | Killed Snorg
 16914 | D:11     | Reached skill level 14 in Stealth
 17208 | D:11     | Found a runed translucent gate.
 17208 | D:11     | Found a runed translucent gate.
 17208 | D:11     | Found a runed translucent gate.
 17224 | D:11     | Noticed a two-headed ogre
 17244 | D:11     | Killed a two-headed ogre
 17270 | D:11     | Found a staircase to the Orcish Mines.
 17431 | D:11     | Noticed IndoAryan's ghost (journeyman MiFi)
 17992 | Orc:1    | Entered Level 1 of the Orcish Mines
 17992 | Orc:1    | Noticed an orc warlord
 18390 | Lair:1   | Killed a boulder beetle
 18441 | Lair:2   | Received a gift from Okawaru
 18609 | Lair:2   | Found a hole to the Spider Nest.
 18828 | Lair:2   | Killed Gastronok
 18948 | Lair:2   | Killed an eight-headed hydra
 19530 | Lair:2   | Reached XP level 13. HP: 67/69 MP: 19/19
 19536 | Lair:2   | Reached skill level 15 in Stealth
 21428 | Lair:4   | Found a runed translucent door.
 21582 | Lair:4   | Found a staircase to the Slime Pits.
 21742 | Lair:4   | Identified the +9 quarterstaff of Quick Death {speed,
                  | *Noise rPois rC+++ Str+3} (Okawaru gifted it to you on
                  | level 4 of the Lair of Beasts)
 21742 | Lair:4   | Received a gift from Okawaru
 22417 | Lair:4   | Reached skill level 16 in Stealth
 22931 | Lair:5   | Entered Level 5 of the Lair of Beasts
 23428 | Lair:5   | Noticed Sonja
 23432 | Lair:5   | Killed Sonja
 23576 | Lair:5   | Received a gift from Okawaru
 23902 | Lair:5   | Reached XP level 14. HP: 57/75 MP: 19/21
 25224 | Swamp:1  | Entered Level 1 of the Swamp
 26021 | D:11     | Killed an orc warlord
 26969 | Orc:1    | Identified the +4 robe of Hedonism {Str-4 Int+5 Dex+4}
                  | (Okawaru gifted it to you on level 1 of the Orcish Mines)
 26969 | Orc:1    | Received a gift from Okawaru
 27367 | Orc:2    | Entered Level 2 of the Orcish Mines
 27367 | Orc:2    | Noticed Josephine
 27892 | D:12     | Found a hide-covered altar of Uskayaw.
 28081 | D:13     | Reached skill level 15 in Ranged Weapons
 28329 | D:13     | Reached skill level 17 in Stealth
 29224 | D:13     | Noticed Frances
 29964 | D:13     | Reached skill level 15 in Dodging
 31050 | Swamp:1  | Reached skill level 10 in Fighting
 31247 | Swamp:1  | Identified the +0 robe of the Eternal Void {rPois rF+
                  | Slay+5} (Okawaru gifted it to you on level 1 of the Swamp)
 31247 | Swamp:1  | Received a gift from Okawaru
 31831 | Swamp:1  | Killed from afar by an eleionoma

Illustrated notes

Levels and vault maps discovered:
D:1:      lightli_arrival_statue_moat, layout_loops_ring,
          ebering_ecumenical_altar_webs, serial_shops,
          nicolae_shop_bloodbath_and_beyond
D:2:      layout_rooms, minmay_door_square
D:3:      wander_river, layout_loops_ring, nicolae_overflow_squiral,
          eino_tiny_chamber, amcnicky_mini_rare_corridor_liquid
D:4:      layout_loops_corners, nicolae_ru_sacrificial_ziggurat,
          minmay_temple_entry_water_ring, gammafunk_ghost_nasty_kobolds,
          chequers_mini_garden
D:5:      layout_cave_pods, good_gods_mini_temple, grunt_dithmenos_shadows,
          mainiacjoe_overflow_alcove_4, lemuel_crystal_altar,
          mainiacjoe_overflow_cross_hatched, st_stairs_7
D:6:      layout_gridville, lemuel_round_altar, serial_shops,
          kennysheep_mini_moat, shop_fountains, nicolae_square_shop, shop,
          uniq_eustachio
D:7:      layout_basic, lemuel_round_altar, nicolae_ashenzari_skybound,
          minmay_small_thing
D:8:      layout_cave_pools, serial_shops, shop
D:9:      layout_basic, kennysheep_slug_shrine, dpeg_oklobed_lair
D:10:     layout_rooms, mainiacjoe_overflow_chevrons,
          mainiacjoe_overflow_small_starburst, minmay_unpleasant_kobolds,
          uniq_lodul, uniq_joseph, uniq_snorg
D:11:     layout_basic, minmay_orc_entry_temple_small, gammafunk_ghost_icy,
          kennysheep_small_square
D:12:     layout_cave_pools, nicolae_uskayaw_suspiria
D:13:     hellmonk_paralyzer, layout_loops_ring, chequers_garden, uniq_frances
Lair:1:   layout_chaotic_city
Lair:2:   layout_hall_layers, swamp_mist, hellmonk_spider_entry_life_and_decay,
          gauntlet_entry_generic, cheibrodos_lair_lostbears, uniq_gastronok
Lair:3:   layout_chaotic_city, hangedman_lair_unloving_vines, ldierk_geyser
Lair:4:   layout_gridlike, slime_entry_2
Lair:5:   guppyfry_lair_end_dragon, layout_cave_pods, uniq_sonja
Swamp:1:  layout_falls_marsh, hangedman_swamp_cone
Orc:1:    layout_caves, basic_altar, serial_shops
Orc:2:    st_orc_open, layout_caves, uniq_josephine

Skill      XL: |  1  2  3  4  5  6  7  8  9 10 11 12 13 14 |
---------------+-------------------------------------------+-----
Stealth        | 2 3 4 5 7 9 10 12 13 14 16 17 | 17.6
Dodging        | 3 4 5 6 8 9 10 11 13 14 15 | 15.2
Fighting       | 2 3 4 5 6 7 8 9 10 | 10.1
Ranged Weapons | 5 6 7 8 10 11 13 14 15 | 15.6
Invocations    | 2 4 5 7 8 9 |  9.7

Action                   |  1- 3 |  4- 6 |  7- 9 | 10-12 | 13-15 || total
-------------------------+-------+-------+-------+-------+-------++-------
 Fire: Shortbow          |    79 |   153 |   497 |   887 |   961 ||  2577
       Arbalest          |       |       |       |     3 |       ||     3
Invok: Heroism           |       |       |     2 |     3 |     2 ||     7
       Finesse           |       |       |       |     2 |       ||     2
Evoke: Wand              |       |       |       |     6 |       ||     6
  Use: Scroll            |       |     8 |     7 |    13 |     1 ||    29
       Potion            |       |       |       |     3 |     1 ||     4
Armor: Robe              |     3 |     1 |     1 |       |       ||     5
       Troll leather arm |       |       |     6 |     8 |    20 ||    34
Dodge: Dodged            |    11 |    29 |   141 |   396 |   232 ||   809
Block: Other             |       |       |       |    17 |    47 ||    64
       Reflection        |       |       |       |     3 |     9 ||    12

Table legend: (Time is in decaauts)
 A = Elapsed time spent in this place.
 B = Non-inter-level travel time spent in this place.
 C = Inter-level travel time spent in this place.
 D = Time resting spent in this place.
 E = Time spent auto-exploring this place.
 F = Levels seen in this place.
 G = Mean time per level.
                   A        B        C        D        E       F      G
               +--------+--------+--------+--------+--------+-----+--------+
         Total |  25197 |  24171 |   1026 |  11304 |   7292 |  22 | 1145.3 |
       Dungeon |  15721 |  14963 |    758 |   6536 |   4976 |  13 | 1209.3 |
          Lair |   7345 |   7093 |    252 |   3460 |   1968 |   5 | 1469.0 |
         Swamp |   1154 |   1152 |      2 |    915 |     76 |   1 | 1154.0 |
  Orcish Mines |    655 |    643 |     12 |    322 |    187 |   2 |  327.5 |
      Gauntlet |    320 |    320 |      0 |     71 |     84 |   1 |  320.0 |
               +--------+--------+--------+--------+--------+-----+--------+

Top non-repeatable levels by time:
     D:5: 2168 daAuts
    D:13: 2092 daAuts
    D:11: 2073 daAuts
  Lair:2: 1889 daAuts
  Lair:5: 1699 daAuts
    D:10: 1604 daAuts
  Lair:1: 1541 daAuts
     D:9: 1505 daAuts
     D:4: 1489 daAuts
  Lair:4: 1360 daAuts
 Swamp:1: 1154 daAuts
     D:6: 1132 daAuts
     D:7: 997 daAuts
  Lair:3: 855 daAuts
     D:3: 832 daAuts
